 Dungeon Crawl Stone Soup version 0.29.0-11-gd7f09526c8 (webtiles) character file.

Game seed: 8724681107474566232

6841 Shayle the Covert (level 11, -1/67 HPs)
             Began as a Tengu Brigand on Sept 4, 2022.
             Was a Believer of Uskayaw.
             Slain by a gnoll
             ... wielding a +0 spear
             ... led by a gnoll bouda
              (3 damage)
             ... on level 9 of the Dungeon.
             The game lasted 00:27:04 (11215 turns).

Shayle the Covert (Tengu Brigand)                  Turns: 11215, Time: 00:27:05

Health: -1/67      AC: 12    Str:  8    XL:     11   Next: 5%
Magic:  21/21      EV: 19    Int: 19    God:    Uskayaw [**....]
Gold:   517        SH:  5    Dex: 16    Spells: 19/23 levels left

rFire   . . .      SeeInvis +   w - +8 whip of Hiclaahu {elec, rPois rN+++ Str-3 Int-3}
rCold   . . .      Faith    .   (no shield)
rNeg    + + +      Spirit   .   q - +1 steam dragon scales
rPois   +          Reflect  +   (helmet restricted)
rElec   .          Harm     .   s - +2 cloak
rCorr   .          Rampage  .   n - +2 pair of gloves
Will    .....                   (boots unavailable)
Stlth   ++++......              l - amulet of reflection
HPRegen 0.21/turn               j - +6 ring of intelligence
MPRegen 0.17/turn               h - ring of see invisible

@: weakened, on berserk cooldown, flying quickly and evasively, slowed, very
slow
A: beak, talons 3, nimble flight
a: Renounce Religion, Stomp, Line Pass


You were on level 9 of the Dungeon.
You worshipped Uskayaw.
Uskayaw was noncommittal.
You visited 2 branches of the dungeon, and saw 10 of its levels.
You visited the Abyss 1 time.

You collected 517 gold pieces.

Inventory:

Hand Weapons
 a - a +2 dagger
 r - the +10 war axe of Karma {vamp, Fragile Int+6}
   (You found it on level 6 of the Dungeon)

   It occasionally heals its wielder for a portion of the damage dealt when it
   wounds a living foe.
   Int:       It affects your intelligence (+6).
   Fragile:   It will be destroyed if unequipped.
 u - a +3 hand axe
 w - the +8 whip of Hiclaahu (weapon) {elec, rPois rN+++ Str-3 Int-3}
   (You found it on level 4 of the Dungeon)

   It occasionally discharges a powerful burst of electricity upon striking a
   foe.
   Str:       It affects your strength (-3).
   Int:       It affects your intelligence (-3).
   rPois:     It protects you from poison.
   rN:        It renders you almost immune to negative energy.
 I - a +3 dagger of pain
Missiles
 d - 37 poisoned darts
 e - 2 curare-tipped darts (quivered)
 G - a throwing net
Armour
 b - a +0 robe
 c - a +0 cloak
 f - a scarf of repulsion
 n - a +2 pair of gloves (worn)
 q - +1 steam dragon scales (worn)
 s - a +2 cloak (worn)
 D - +0 acid dragon scales
 J - a +2 robe of willpower
Jewellery
 h - a ring of see invisible (right hand)
 j - a +6 ring of intelligence (left hand)
 l - an amulet of reflection (around neck)
 B - an amulet of magic regeneration
 F - a ring of protection from fire
Wands
 p - a wand of light (5)
 t - a wand of flame (18)
 x - a wand of charming (3)
 H - a wand of polymorph (12)
 K - a wand of iceblast (4)
Scrolls
 g - 3 scrolls of teleportation
 k - 2 scrolls of blinking
 m - 2 scrolls of vulnerability {unknown}
 v - a scroll of summoning
 y - 4 scrolls of amnesia
 M - a scroll of identify
Potions
 i - 4 potions of flight
 o - 3 potions of mutation
 z - 4 potions of brilliance
 C - a potion of haste
 E - 3 potions of ambrosia


   Skills:
 + Level 7.6 Fighting
 + Level 2.5 Short Blades
 - Level 2.0 Throwing
 + Level 1.0 Armour
 - Level 8.0 Dodging
 - Level 8.2 Stealth
 + Level 6.6 Spellcasting
 - Level 5.3 Conjurations
 + Level 2.3 Translocations
 - Level 4.1 Earth Magic
 + Level 2.5 Invocations


You had 19 spell levels left.
You knew the following spells:

 Your Spells              Type           Power      Damage    Failure   Level
a - Sandblast             Erth           44%        2d11      1%          1
b - Stone Arrow           Conj/Erth      48%        3d10      4%          3

Your spell library contained the following spells:

 Spells                   Type           Power      Damage    Failure   Level
 Shock                    Conj/Air       64%        1d7       3%          1
 Passwall                 Tmut/Erth      11%        N/A       7%          2
 Gell's Gravitas          Tloc           15%        N/A       12%         3
 Lesser Beckoning         Tloc           15%        N/A       12%         3
 Teleport Other           Tloc           15%        N/A       12%         3
 Sublimation of Blood     Necr           6%         N/A       16%         2
 Swiftness                Air            6%         N/A       32%         3
 Animate Armour           Summ/Erth      28%        N/A       41%         4
 Petrify                  Tmut/Erth      14%        N/A       41%         4
 Irradiate                Conj/Tmut      8%         3d14      69%         5
 Airstrike                Air            3%         2d(1-17)  71%         4
 Dispersal                Tloc           7%         N/A       99%         6
 Lehudib's Crystal Spear  Conj/Erth      12%        10d4      100%        8


Dungeon Overview and Level Annotations

Branches:
Dungeon (9/15)             Temple (1/1) D:7
   Lair: D:8-11         Orc: D:9-12

Altars:
Ashenzari
Cheibriados
Dithmenos
Elyvilon
Fedhas
Gozag
Hepliaklqana
Kikubaaqudgha
Makhleb
Nemelex Xobeh
Okawaru
Qazlal
Ru
Sif Muna
Trog
Uskayaw
Vehumet
Wu Jian
Xom
Yredelemnul
Zin
The Shining One

Shops:
D:2 :


Innate Abilities, Weirdness & Mutations

You have a beak for a mouth.
You have claws for feet.
Your magical nature lets you fly swiftly and evasively.


Message History

* * * LOW HITPOINT WARNING * * *
The gnoll closely misses you.
You whack the gnoll! You claw the gnoll.
You kill the gnoll!
The gnoll barely misses you. You block the gnoll's attack.
The gnoll misses you.
Your Armour skill increases to level 1!
Unknown command.
You completely miss the gnoll. You claw the gnoll. Your peck misses the gnoll.
The gnoll is moderately wounded.
The gnoll hits you but does no damage. The gnoll misses you.
You block the gnoll's attack.
Unknown command.
You hit the gnoll. Lightning courses through the gnoll!!
You kill the gnoll!
The gnoll is no longer moving quickly.
You block the gnoll's attack. The gnoll hits you with a +0 whip.
* * * LOW HITPOINT WARNING * * *
The gnoll completely misses you.
Unknown command.
You whack the gnoll! You claw the gnoll.
You kill the gnoll!
The gnoll misses you.
You can now pass through a line of other dancers.
Unknown command.
You whack the gnoll! Your kick misses the gnoll.
The gnoll is almost dead.
You block the gnoll's attack. The gnoll misses you.
You hit the gnoll. Lightning courses through the gnoll!!
You kill the gnoll!
You are no longer berserk.
You are exhausted.
You feel yourself slow down. The gnoll misses you.
You block the gnoll's attack.
Things that are here:
a +0 spear; a gnoll corpse You hit the gnoll.
You claw the gnoll. You peck the gnoll, but do no damage.
The gnoll is moderately wounded.
The gnoll closely misses you. The gnoll hits you with a +0 spear.
You die...

........P##
.........#
#.......♣♣
#......♣.♣ .
#......P♣
..##+#......♣.♣
........))).P♣
...P..g@))#
.......)..#
##+#....).#
#..##''#
#..#...#
#..#..)# ..
#.))# ... ###)#
#..##


You could see a gnoll.

Vanquished Creatures
  A two-headed ogre (D:8)
  Pikel (D:5)
  A manticore (D:9)
  Maggie (D:7)
  A troll (D:8)
  Prince Ribbit (D:5)
  Menkaure (D:5)
  Edmund (D:4)
  An acid dragon (D:6)
  2 water moccasins
  Duvessa (D:7)
  A sky beast (D:7)
  5 orc warriors
  An ice beast (D:6)
  3 ogres
  2 black bears
  9 centaurs
  3 lemures
  2 kobold brigands
  3 bullfrogs
  6 scorpions
  A necrophage (D:6)
  5 wights (D:8)
  Dowan (D:7)
  5 killer bees
  An iron imp (Abyss:1)
  2 hounds
  3 gnoll boudas
  5 orc priests
  Natasha (thrice) (D:3)
  3 iguanas (D:6)
  10 orc wizards
  19 gnolls
  3 adders
  2 white imps
  An ufetubus (D:4)
  4 worms
  3 dart slugs
  25 orcs
  4 ball pythons
  10 endoplasms
  3 giant cockroaches
  9 goblins
  11 hobgoblins
  13 jackals
  A quokka (D:1)
  5 bats
  7 frilled lizards
  11 kobolds
  8 rats
225 creatures vanquished.

Vanquished Creatures (others)
  5 fungi (D:9)
  7 plants
12 creatures vanquished.

Grand Total: 237 creatures vanquished

Notes
Turn   | Place    | Note
-------+----------+-------------------------------------------
     0 | D:1      | Shayle the Tengu Brigand began the quest for the Orb.
     0 | D:1      | Reached XP level 1. HP: 12/12 MP: 2/2
   287 | D:1      | Reached XP level 2. HP: 14/17 MP: 3/3
   700 | D:1      | Reached XP level 3. HP: 22/22 MP: 5/5
   705 | D:1      | Reached skill level 1 in Spellcasting
  1763 | D:2      | Reached XP level 4. HP: 12/27 MP: 7/7
  2166 | D:2      | Found Seqoeg's Book Shoppe.
  2353 | D:2      | Gained mutation: Your magical nature lets you fly swiftly
                  | and evasively. [Tengu growth]
  2353 | D:2      | Reached XP level 5. HP: 26/32 MP: 8/8
  3289 | D:3      | Noticed Natasha
  3301 | D:3      | Killed Natasha
  3456 | D:3      | Found a shadowy altar of Dithmenos.
  3471 | D:3      | Noticed Natasha
  3477 | D:3      | Killed Natasha
  3478 | D:3      | Reached skill level 5 in Stealth
  3750 | D:3      | Noticed Natasha
  3763 | D:3      | Killed Natasha
  3764 | D:3      | Reached XP level 6. HP: 17/37 MP: 10/10
  4411 | D:4      | Learned a level 1 spell: Sandblast
  4532 | D:4      | Identified the +8 whip of Hiclaahu {elec, rPois rN+++ Str-3
                  | Int-3}
  4579 | D:4      | Identified the +9 war axe of Xiegar {freeze, rElec rN+}
  4723 | D:4      | Noticed Edmund
  4733 | D:4      | Killed Edmund
  4734 | D:4      | Reached XP level 7. HP: 25/43 MP: 12/12
  5198 | D:5      | Entered Level 5 of the Dungeon
  5198 | D:5      | Noticed Prince Ribbit
  5204 | D:5      | Killed Prince Ribbit
  5205 | D:5      | Reached skill level 1 in Earth Magic
  5469 | D:5      | Reached XP level 8. HP: 45/48 MP: 14/14
  5655 | D:5      | Found an opulent altar of Gozag.
  5655 | D:5      | Found a glowing golden altar of the Shining One.
  5655 | D:5      | Found an ornate altar of the Wu Jian Council.
  5749 | D:5      | Noticed Menkaure
  5753 | D:5      | Killed Menkaure
  5779 | D:5      | Found a snail-covered altar of Cheibriados.
  5791 | D:5      | Reached skill level 5 in Fighting
  5791 | D:5      | Reached skill level 5 in Dodging
  6132 | D:6      | Noticed Pikel
  6320 | D:5      | HP: 2/49 [Pikel/+0 whip of freezing (2)]
  6623 | D:5      | Killed Pikel
  6624 | D:5      | Reached XP level 9. HP: 45/54 MP: 13/17
  6928 | D:6      | Identified the +10 war axe of Karma {vamp, Fragile Int+6}
  6971 | D:6      | Reached skill level 5 in Spellcasting
  7505 | D:6      | Found a basalt altar of Yredelemnul.
  7712 | D:7      | Learned a level 3 spell: Stone Arrow
  7893 | D:7      | Reached skill level 1 in Conjurations
  8013 | D:7      | Noticed Maggie
  8274 | D:7      | Killed Maggie
  8439 | D:7      | Noticed Dowan
  8440 | D:7      | Noticed Duvessa
  8499 | D:7      | Killed Duvessa
  8500 | D:7      | Reached XP level 10. HP: 61/61 MP: 8/19
  9101 | D:7      | Killed Dowan
  9303 | D:7      | Found a staircase to the Ecumenical Temple.
  9312 | Temple   | Entered the Ecumenical Temple
  9317 | Temple   | Became a worshipper of Uskayaw the Reveller
  9376 | D:8      | Reached * piety under Uskayaw
  9379 | D:8      | Reached ** piety under Uskayaw
  9537 | D:8      | Reached *** piety under Uskayaw
  9543 | D:8      | Reached **** piety under Uskayaw
  9551 | D:8      | Reached ***** piety under Uskayaw
  9565 | D:8      | Reached skill level 1 in Invocations
  9570 | D:8      | Reached skill level 1 in Translocations
 10099 | D:9      | Noticed a two-headed ogre
 10114 | D:8      | Killed a two-headed ogre
 10219 | Abyss:1  | Cast into level 1 of the Abyss (orc)
 10317 | D:9      | Escaped the Abyss
 10518 | D:9      | Noticed a manticore
 10528 | D:9      | Killed a manticore
 10529 | D:9      | Reached skill level 5 in Conjurations
 10862 | D:9      | Found a sparkling altar of Nemelex Xobeh.
 10970 | D:9      | Reached XP level 11. HP: 67/67 MP: 21/21
 11209 | D:9      | Reached skill level 1 in Armour
 11210 | D:9      | HP: 1/100 [gnoll/+0 whip[a gnoll bouda] (5)]
 11215 | D:9      | Slain by a gnoll

Illustrated notes

Levels and vault maps discovered:
D:1:      dpeg_arrival_subterranean_lakeside_camping, layout_basic,
          serial_forest, infiniplex_forest_lined_3_way,
          infiniplex_forest_clump_cross, infiniplex_forest_clump_tiny,
          infiniplex_forest_clump_double, infiniplex_forest_clump_medium,
          infiniplex_forest_clump_large, infiniplex_forest_lined_3
D:2:      layout_loops_ring, serial_shops, nicolae_shop_advertising_works
          [nicolae_subvault_shop_adworks]
D:3:      layout_loops_ring, nicolae_dithmenos_shadow_blocks, uniq_natasha
D:4:      layout_gridville, minivault_26, uniq_edmund
D:5:      layout_loops_cross, kennysheep_slug_shrine,
          gammafunk_temple_overflow_claw, uniq_prince_ribbit1, uniq_menkaure
D:6:      layout_cave_pools, overflow_temple_1_default, uniq_pikel
D:7:      layout_rooms, minmay_temple_entry_drinking_statues, uniq_duvessa,
          uniq_maggie
D:8:      layout_loops_ring, centaur_isle
D:9:      kennysheep_seaside_town, layout_stronghold, amcnicky_altar_gilded,
          grunt_ogre_cave
Temple:   minmay_freezing_vapour_temple

Skill      XL: |  1  2  3  4  5  6  7  8  9 10 11 |
---------------+----------------------------------+-----
Spellcasting   | 1 2 3 4 5 6 |  6.6
Dodging        | 2 3 4 5 6 8 |  8.0
Fighting       | 3 4 5 6 7 |  7.6
Stealth        | 5 6 7 8 |  8.2
Earth Magic    | 1 2 3 4 |  4.1
Conjurations   | 2 5 |  5.3
Invocations    | 2 |  2.5
Translocations | 2 |  2.3
Armour         | 1 |  1.0
Short Blades   | |  2.5
Throwing       | |  2.0

Action                   |  1- 3 |  4- 6 |  7- 9 | 10-12 || total
-------------------------+-------+-------+-------+-------++-------
Melee: Dagger            |   119 |    98 |       |       ||   217
       Kick              |    28 |    33 |    40 |    85 ||   186
       Peck              |    12 |    20 |    35 |    53 ||   120
       Punch             |     2 |     1 |     3 |     3 ||     9
       Whip              |       |    12 |   191 |   244 ||   447
       Unarmed           |       |       |       |    18 ||    18
Throw: Dart              |       |    14 |     2 |       ||    16
 Cast: Sandblast         |       |     2 |     4 |       ||     6
       Stone Arrow       |       |       |     9 |     1 ||    10
Invok: Stomp             |       |       |       |     5 ||     5
       Line Pass         |       |       |       |     2 ||     2
Evoke: Wand              |       |       |     3 |       ||     3
  Use: Scroll            |       |    10 |     8 |     2 ||    20
       Potion            |       |       |     3 |     3 ||     6
 Stab: Sleeping          |     8 |    13 |    10 |     4 ||    35
       Distracted        |       |       |     1 |     1 ||     2
       Paralysed         |       |       |       |     3 ||     3
       Confused          |       |       |       |     1 ||     1
Armor: Robe              |    19 |    18 |    42 |       ||    79
       Skin              |       |       |    26 |       ||    26
       Steam dragon scal |       |       |       |   104 ||   104
Dodge: Dodged            |    54 |    48 |   153 |   347 ||   602
Block: Other             |       |     5 |    56 |    93 ||   154
       Reflection        |       |       |     1 |     6 ||     7
